 Dungeon Crawl Stone Soup version 0.18.1-48-g4cf74bf (webtiles) character file.

331 Aesthetico the Ruffian (level 6, -3/53 HPs)
             Began as a Minotaur Monk on July 21, 2016.
             Was an Initiate of Gozag.
             Killed from afar by an orc wizard (5 damage)
             ... with a magic dart
             ... on level 3 of the Dungeon.
             The game lasted 00:12:33 (1687 turns).

Aesthetico the Ruffian (Minotaur Monk)              Turns: 1687, Time: 00:12:33

Health: -3/53      AC:  6    Str: 18    XL:     6   Next: 26%
Magic:  5/5        EV: 14    Int:  7    God:    Gozag
Gold:   162        SH:  0    Dex: 12    Spells: 0 memorised, 5 levels left

rFire  . . .     SeeInvis .       - Unarmed
rCold  . . .     Gourm    .     a - +0 robe
rNeg   . . .     Faith    .     (no shield)
rPois  .         Spirit   .     (helmet restricted)
rElec  .         Dismiss  .     (no cloak)
rCorr  .         Reflect  .     p - +0 pair of gloves
SustAt .         Harm     .     m - +2 pair of boots
MR     .....                    (no amulet)
Stlth  +++.......               h - ring of stealth
                                c - ring of flight

@: lethally poisoned (-3 -> -11), gold aura, not resistant to hostile
enchantments, fairly stealthy
A: retaliatory headbutt, horns 2
a: Potion Petition, Call Merchant, Bribe Branch, Renounce Religion, Evoke Flight


You were on level 3 of the Dungeon.
You worshipped Gozag.
Gozag was noncommittal.
You were not hungry.

You visited 1 branch of the dungeon, and saw 3 of its levels.

You collected 162 gold pieces.

Inventory:

Armour
 a - a +0 robe (worn)
 m - a +2 pair of boots (worn)
 p - a +0 pair of gloves (worn)
Jewellery
 c - a ring of flight (left hand)
 h - a ring of stealth (right hand)
 i - an uncursed amulet of regeneration {unknown}
Scrolls
 e - 3 scrolls of remove curse {unknown}
 f - 3 scrolls of identify {unknown}
 g - a scroll of teleportation {unknown}
 k - 3 scrolls of fog {unknown}
 l - a scroll of fear {unknown}
 n - a scroll of amnesia {unknown}
 o - a scroll of recharging {unknown}
Potions
 d - a potion of flight {unknown}
Comestibles
 b - 2 bread rations
 j - 2 meat rations
 q - 4 slices of pizza


   Skills:
 + Level 4.3 Fighting
 + Level 4.6 Dodging
 + Level 3.0 Stealth
 * Level 6.5 Unarmed Combat


You had 5 spell levels left.
You didn't know any spells.

Dungeon Overview and Level Annotations

Branches:
Dungeon (3/15)

Altars:
Gozag
Nemelex Xobeh


Innate Abilities, Weirdness & Mutations

You reflexively headbutt those who attack you in melee.
You have a pair of horns on your head.


Message History

* * * LOW HITPOINT WARNING * * *
You feel sick.
* * * LOW HITPOINT WARNING * * *
You feel sick.
There is an open door here.
* * * LOW HITPOINT WARNING * * *
You feel sick.
You hit the orc.
You kill the orc!
* * * LOW HITPOINT WARNING * * *
You feel sick.
There's something blocking the doorway.
* * * LOW HITPOINT WARNING * * *
You feel sick.
* * * LOW HITPOINT WARNING * * *
You feel sick.
A magic dart appears from out of thin air!
The magic dart hits you!
You die...
Your body crumbles into a pile of gold.

#....))....####..........#######
.##>..).....+†............#
......<.....########.###..#######
###.###.....# #.# #..##..... ...
####### #.# #..##.#### ##. #.#
#..##.# #. ######## ###.####.##.#
# #......#####........##.#
+..$.).$..@....####..#.####
##.####..$.o[#####.### ##.#.#...
.....$.........# #.# #...#.##
##.###########.# #.# ##..#.# .#
#.# #..#.## $ # #.# ##.#.#.
#.#########.#.#. #........)..#.#.
#..########...##


You could see an orc.

Vanquished Creatures
  An ogre (D:3)
  The ghost of Leafly the Shield-Bearer, an amateur DsFi (D:3)
  An orc wizard (D:3)
  3 gnolls (D:3)
  3 adders
  An ooze (D:2)
  2 worms
  2 dart slugs
  4 giant geckos
  7 orcs
  4 bats
  7 giant cockroaches
  7 goblins
  5 hobgoblins
  A ball python (D:1)
  3 giant newts (D:1)
  4 kobolds
  5 rats
61 creatures vanquished.

Notes
Turn   | Place    | Note
--------------------------------------------------------------
     0 | D:1      | Aesthetico the Minotaur Monk began the quest for the Orb.
     0 | D:1      | Reached XP level 1. HP: 19/19 MP: 0/0
   181 | D:1      | Reached XP level 2. HP: 25/27 MP: 1/1
   225 | D:1      | Reached skill level 5 in Unarmed Combat
   681 | D:2      | Reached XP level 3. HP: 33/33 MP: 2/2
   750 | D:2      | Found a sparkling altar of Nemelex Xobeh.
  1306 | D:3      | Noticed Leafly's ghost (amateur DsFi)
  1313 | D:3      | Reached XP level 4. HP: 40/40 MP: 3/3
  1505 | D:3      | Noticed an ogre
  1510 | D:3      | Killed an ogre
  1510 | D:3      | Reached skill level 6 in Unarmed Combat
  1510 | D:3      | Reached XP level 5. HP: 22/46 MP: 4/4
  1549 | D:3      | Found an opulent altar of Gozag.
  1557 | D:3      | Became a worshipper of Gozag Ym Sagoz the Greedy
  1561 | D:3      | Killed Leafly's ghost
  1561 | D:3      | Reached XP level 6. HP: 52/52 MP: 5/5
  1687 | D:3      | HP: 2/53 [poisoned by an orc wizard]
  1687 | D:3      | Killed from afar by an orc wizard

Skill      XL: |  1  2  3  4  5  6 |
---------------+-------------------+-----
Unarmed Combat | 5 6 |  6.5
Dodging        | 4 |  4.6
Stealth        | 2 3 |  3.0
Fighting       | 4 |  4.3

Action                   |  1- 3 |  4- 6 || total
-------------------------+-------+-------++-------
Melee: Unarmed           |    86 |    66 ||   152
       Headbutt          |     9 |     6 ||    15
       Punch             |     1 |     4 ||     5
Invok: Potion Petition   |       |     1 ||     1
  Use: Potion            |     3 |     1 ||     4
 Stab: Sleeping          |    10 |     4 ||    14
       Invisible         |       |     1 ||     1
  Eat: Meat ration       |     1 |       ||     1
Armor: Robe              |    15 |    11 ||    26
Dodge: Dodged            |    56 |    32 ||    88
